AoeStats
← NDF

Arabia

504331451Analyzed
2v2 RM · 27d ago on Sep 4, 2026· 50m 12s· 4 players
Game mode
Random Map
Map size
Medium (4 player)
Population
200
Speed
Normal
Resources
Standard
Victory
Conquest
Starting age
Dark Age
Ending age
Imperial Age
RankedLock teamsTeams togetherTeam positionsShared explorationLock speedFull tech treeHidden civsTurbo modeCheats
Victory
Defeat
🇦🇷 Mongols · Argentina
674
+17
🇦🇷 Spanish · Argentina
673
+17
🇵🇪 Byzantines · Peru
738
-19
🇬🇧 Sicilians · United Kingdom
638
-15
NDF
2:50 Loom
11:53 Feudal Age
22:26 Castle Age
21:13 Horse Collar
21:29 Double-Bit Axe
21:39 Gold Mining
21:41 Stone Mining
23:54 Crossbowman
24:49 Fletching
25:00 Padded Archer Armor
25:12 Forging
25:03 Scale Mail Armor
31:19 Gold Shaft Mining
37:38 Imperial Age
37:21 Stone Shaft Mining
39:08 Leather Archer Armor
39:43 Bow Saw
40:06 Capped Ram
41:19 Masonry
42:11 Chemistry
41:50 Iron Casting
41:11 Bodkin Arrow
43:12 Parthian Tactics
44:53 Heavy Plow
45:49 Siege Engineers
48:18 Wheelbarrow
47:28 Town Watch
48:48 Blast Furnace
48:04 Chain Mail Armor
48:19 Spies/Treason
estebanpa
4:22 Loom
11:46 Feudal Age
12:46 Double-Bit Axe
20:07 Castle Age
18:38 Stone Mining
18:43 Gold Mining
18:48 Horse Collar
21:54 Bow Saw
22:13 Scale Barding Armor
22:27 Heavy Plow
24:01 Squires
23:22 Pikeman
25:45 Scale Mail Armor
29:00 Chain Mail Armor
28:56 Forging
33:12 Imperial Age
31:45 Inquisition
33:59 Ballistics
33:35 Murder Holes
35:47 Hoardings
36:11 Plate Mail Armor
36:17 Iron Casting
36:14 Chain Barding Armor
37:35 Halberdier
38:13 Arson
45:36 Two-Man Saw
43:58 Elite Conquistador
44:18 Capped Ram
45:30 Siege Ram
46:27 Bloodlines
46:19 Husbandry
45:41 Light Cavalry
48:29 Block Printing
48:26 Fervor
48:27 Redemption
48:43 Illumination
48:55 Theocracy
bennett308
1:20 Loom
14:25 Feudal Age
15:31 Town Watch
16:22 Wheelbarrow
17:32 Stone Mining
21:27 Castle Age
21:22 Horse Collar
21:30 Double-Bit Axe
24:20 Stone Shaft Mining
23:36 Gold Mining
23:52 Heavy Plow
24:24 Town Patrol
25:01 Man-at-Arms
25:27 Gambesons
25:03 Pikeman
30:54 Gold Shaft Mining
36:34 Imperial Age
.,
7:01 Loom
11:12 Feudal Age
15:51 Castle Age
14:15 Double-Bit Axe
15:35 Gold Mining
15:29 Horse Collar
19:47 Bow Saw
23:57 Stone Mining
25:43 Heavy Plow
28:49 Wheelbarrow
29:47 Gold Shaft Mining
29:47 Stone Shaft Mining
29:27 Forging
29:18 Scale Mail Armor
30:12 Hand Cart
33:12 Husbandry
33:32 Chain Mail Armor
33:53 Iron Casting
32:55 Pikeman
35:00 Greek Fire
37:38 Imperial Age
35:21 Fortified Wall
35:08 Murder Holes
34:53 Treadmill Crane
36:49 Scale Barding Armor
36:24 Crossbowman
37:10 Thumb Ring
38:34 Ballistics
37:40 Arbalester
37:44 Light Cavalry
39:27 Logistica
39:39 Conscription
Connection lost

Rejoining the realm…

Still unreachable

The connection could not be restored.

Session expired

The server has moved on; the page needs a fresh start.